 Dungeon Crawl Stone Soup version 0.20.1-1-g8b1a95d (webtiles) character file.

109 dohliylev the Sneak (level 4, -1/31 HPs)
             Began as a Vampire Enchanter on July 9, 2017.
             Killed by nerve-wracking pain
             ... invoked by an orc priest
              (4 damage)
             ... on level 2 of the Dungeon.
             The game lasted 00:09:03 (2197 turns).

dohliylev the Sneak (Vampire Enchanter)             Turns: 2197, Time: 00:09:03

Health: -1/31      AC:  2    Str:  7    XL:     4   Next: 59%
Magic:  2/7        EV: 13    Int: 18    God:
Gold:   121        SH:  0    Dex: 14    Spells: 4/7 levels left

rFire    . . .     SeeInvis +   i - +2 dagger (venom)
rCold    . . .     Gourm    .   (no shield)
rNeg     + . .     Faith    .   b - +0 robe
rPois    .         Spirit   .   (no helmet)
rElec    .         Reflect  .   (no cloak)
rCorr    .         Harm     .   (no gloves)
MR       .....                  (no boots)
Stlth    +++.......             (no amulet)
Regen    0.1/turn               (no ring)
MPRegen  0.1/turn               (no ring)

@: no status effects
A: fangs 3, see invisible, unbreathing
a: Bat Form


You were on level 2 of the Dungeon.
You were not thirsty.

You visited 1 branch of the dungeon, and saw 3 of its levels.

You collected 121 gold pieces.

Inventory:

Hand Weapons
 i - a +2 dagger of venom (weapon)
Armour
 b - a +0 robe (worn)
Scrolls
 e - a scroll of enchant armour {unknown}
 f - a scroll of blinking {unknown}
 h - a scroll of teleportation {unknown}
 j - 2 scrolls of identify {unknown}
Potions
 d - 11 potions of blood
 g - 2 potions of curing {unknown}
Books
 c - a book of Maledictions

   Spells                             Type                      Level
   a - Corona                         Hexes                        1
   b - Ensorcelled Hibernation        Hexes/Ice                    2
   c - Confuse                        Hexes                        3
   d - Tukima's Dance                 Hexes                        3
   e - Dazzling Spray                 Conjuration/Hexes            3


   Skills:
 - Level 0.3 Fighting
 * Level 2.3 Short Blades
 - Level 2.5 Dodging
 * Level 7.0 Stealth
 - Level 2.1 Spellcasting
 - Level 4.6 Hexes


You had 4 spell levels left.
You knew the following spells:

 Your Spells              Type           Power        Failure   Level  Hunger
a - Corona                Hex            ###....      2%          1    #......
b - Ensorcelled Hibernat  Hex/Ice        ##....       11%         2    ###....


Dungeon Overview and Level Annotations

Branches:
Dungeon (3/15)

Altars:
Cheibriados
Uskayaw
Zin


Innate Abilities, Weirdness & Mutations

You have razor-sharp teeth.
You have supernaturally acute eyesight. (SInv)
You can survive without breathing.


Message History

Aiming: Ensorcelled Hibernation
Press: ? - help, Shift-Dir - straight line, f - orc priest
Aim: an orc priest, wielding a mace (chance to defeat MR: 41%)
The orc priest resists with some effort.
Casting: Ensorcelled Hibernation
Confirm with . or Enter, or press ? or * to list all spells.
Aiming: Ensorcelled Hibernation
Press: ? - help, Shift-Dir - straight line, f/p - orc priest
Aim: an orc priest, wielding a mace (chance to defeat MR: 41%)
The orc priest resists with some effort.
The orc priest hits you with a mace.
* * * LOW HITPOINT WARNING * * *
There is a stone staircase leading up here.
The orc priest begins to cast a cantrip, but forgets the words!
You climb upwards.
There is a stone staircase leading down here.
The orc priest looks braver for a moment.
The orc priest calls down the wrath of Beogh upon you.
Pain shoots through your body!
You die...

##########...##................
#.....#.....>.##.#.############ #
#.....#.......##.#............. #
#.....#.......##.##............ #
#.....#.......##.##....(......# #
#.....#......o##.##...........#
###.....#.....(.##.##...........#
'.'.....#.......##.#.............
###.....#......(@..#.########.###
# #.....#..........#.# #....... #
#.....#..........#.#####.##.... #
#.....#..........#............[ #
#.....#.......##.##.#.......###
###.##...#............+..........
....##...#.#######.####....#.....
....##...................#....###
....##.###.#.............#.#.##


You could see an orc priest.

Vanquished Creatures
  Terence (D:3)
  2 adders (D:3)
  An ooze (D:2)
  2 worms
  2 dart slugs (D:1)
  5 orcs (D:3)
  3 giant cockroaches
  4 hobgoblins
  3 jackals (D:2)
  A quokka (D:3)
  2 ball pythons (D:2)
  3 bats
  4 frilled lizards
  5 goblins
  6 kobolds
  6 rats
50 creatures vanquished.

Notes
Turn   | Place    | Note
-------+----------+-------------------------------------------
     0 | D:1      | dohliylev the Vampire Enchanter began the quest for the Orb.
     0 | D:1      | Reached XP level 1. HP: 13/13 MP: 3/3
   680 | D:1      | Reached XP level 2. HP: 19/19 MP: 3/5
   684 | D:1      | Learned a level 2 spell: Ensorcelled Hibernation
   736 | D:1      | Reached skill level 5 in Stealth
  1050 | D:2      | Found a hide-covered altar of Uskayaw.
  1181 | D:2      | Reached XP level 3. HP: 20/25 MP: 6/6
  1824 | D:3      | Found a snail-covered altar of Cheibriados.
  1837 | D:3      | Noticed Terence
  1840 | D:3      | Killed Terence
  1840 | D:3      | Reached skill level 6 in Stealth
  1840 | D:3      | Reached XP level 4. HP: 31/31 MP: 7/7
  2034 | D:3      | Found a glowing silver altar of Zin.
  2122 | D:3      | Reached skill level 7 in Stealth
  2179 | D:3      | HP: 1/31 [orc priest/mace (4)]
  2197 | D:2      | Killed from afar by an orc priest

Skill      XL: |  1  2  3  4 |
---------------+-------------+-----
Stealth        | 5 6 7 |  7.0
Short Blades   | 2 |  2.3
Fighting       | |  0.3
Dodging        | |  2.5
Spellcasting   | |  2.1
Hexes          | |  4.6

Action                   |  1- 3 |  4- 6 || total
-------------------------+-------+-------++-------
Melee: Dagger            |    78 |    37 ||   115
       Bite              |     6 |     1 ||     7
 Cast: Corona            |     9 |     1 ||    10
       Ensorcelled Hiber |    11 |    13 ||    24
 Stab: Sleeping          |    14 |     8 ||    22
  Eat: Corpse            |     5 |     5 ||    10
Armor: Robe              |    10 |     4 ||    14
Dodge: Dodged            |    45 |    24 ||    69
